 Dungeon Crawl Stone Soup version 0.23-a0-169-gb21e695 (console) character file.

254 nht the Ruffian (level 5, -9/40 HPs)
             Began as a Draconian Transmuter on Sept 11, 2018.
             Was an Initiate of Ru.
             Killed by nerve-wracking pain
             ... invoked by Grinder
              (14 damage)
             ... on level 5 of the Dungeon.
             The game lasted 00:06:59 (3638 turns).

nht the Ruffian (Draconian Transmuter)              Turns: 3638, Time: 00:07:00

Health: -9/40      AC:  8    Str: 18    XL:     5   Next: 91%
Magic:  8/8        EV: 12    Int: 14    God:    Ru [......]
Gold:   246        SH:  0    Dex: 11    Spells: 0/8 levels left

rFire    . . .     SeeInvis .   b - +3 hand axe (chop)
rCold    . . .     Gourm    .   (no shield)
rNeg     . . .     Faith    +   (armour unavailable)
rPois    .         Spirit   .   (helmet restricted)
rElec    .         Reflect  .   s - +2 cloak
rCorr    .         Harm     .   (no gloves)
MR       .....                  (no boots)
Stlth    +.........             i - amulet of faith
HPRegen  0.13/turn              (no ring)
MPRegen  0.11/turn              (no ring)

@: mighty, lethally poisoned (-9 -> -10), hasted, very quick
A: unfitting armour, cold-blooded, AC +5
a: Renounce Religion


You were on level 5 of the Dungeon.
You worshipped Ru.
Ru was noncommittal.
You were not hungry.

You visited 2 branches of the dungeon, and saw 6 of its levels.

You collected 246 gold pieces.

Inventory:

Hand Weapons
 b - a +3 hand axe of chopping (weapon)
Missiles
 a - 40 arrows
Armour
 s - a +2 cloak (worn)
Jewellery
 i - an amulet of faith (around neck)
Wands
 q - a wand of clouds (7)
Scrolls
 d - a scroll of enchant weapon
 l - 3 scrolls of remove curse
 m - a scroll of enchant armour
 o - a scroll of blinking
Potions
 f - a potion of mutation
 g - 2 potions of lignification {unknown}
 k - 2 potions of flight {unknown}
 p - a potion of invisibility {unknown}
 r - 3 potions of curing {unknown}
 t - 2 potions of brilliance {unknown}
Comestibles
 c - 5 rations
 n - 2 chunks of flesh


   Skills:
 - Level 1.1 Fighting
 - Level 1.7 Dodging
 * Level 5.7 Unarmed Combat
 - Level 2.0 Spellcasting
 + Level 3.8 Transmutations


You couldn't memorise any spells.
You knew the following spells:

 Your Spells              Type           Power        Failure   Level  Hunger
a - Spider Form           Tmut/Pois      #.........   32%         3    ####...
b - Blade Hands           Tmut           ##........   80%         5    ######.

Your spell library contained the following spells:

 Spells                   Type           Power        Failure   Level  Hunger
 Beastly Appendage        Tmut           ##....       4%          1    ##.....
 Sticks to Snakes         Tmut           ##......     8%          2    ###....
 Ice Form                 Ice/Tmut       #.......     71%         4    #####..


Dungeon Overview and Level Annotations

Branches:
Dungeon (5/15)             Temple (1/1) D:4

Altars:
Ashenzari
Cheibriados
Dithmenos
Elyvilon
Fedhas
Gozag
Hepliaklqana
Kikubaaqudgha
Makhleb
Nemelex Xobeh
Okawaru
Qazlal
Ru
Sif Muna
Trog
Vehumet
Wu Jian
Xom
Yredelemnul
Zin
The Shining One

Annotations:
D:5 Grinder


Innate Abilities, Weirdness & Mutations

Your plain brown scales are hard. (AC +5)
You cannot fit into any form of body armour.
You are cold-blooded and may be slowed by cold attacks.


Message History

You slash Grinder!
Grinder is severely wounded.
You closely miss the goblin.
A jackal comes into view.
The goblin hits you but does no damage. Grinder gestures at you.
Pain shoots through your body!
The jackal moves out of view.
You closely miss Grinder.
Grinder is severely wounded.
You hit the goblin.
You kill the goblin!
You feel sick. Grinder gestures at you. Pain shoots through your body!
* * * LOW HITPOINT WARNING * * *
You hit Grinder.
Your tail-slap misses Grinder.
Grinder is severely wounded.
Grinder gestures at you. Pain shoots through your body!
You die... ........█'█.█ █████+██.....██ ..... █......' .... +......█ ████

█..██g.....' +..█
..███..█)......████..████
....5.††g................
.......█5..............█.
.......█@..)...g.......█.
.......█.).............+.
████████..........(....█+
█████████.†..██████████'█...
█.......'....█......█...█...
█.......█....'......█...█...
███████'██████....█.██..██..██...
...............█'██.██'███..█ ...
███████........█....█.......█ .


You could see Grinder and 3 gnolls.

Vanquished Creatures
  A quasit (D:4)
  A centaur skeleton (D:5)
  3 worker ants
  A gnoll (D:5)
  3 adders
  3 worms
  A dart slug (D:1)
  2 leopard geckos
  4 orcs (D:4)
  2 ball pythons
  3 giant cockroaches
  7 goblins
  9 hobgoblins
  7 jackals (D:2)
  8 kobolds
  2 quokkas
  7 bats
  2 frilled lizards
  6 rats
72 creatures vanquished.

Notes
Turn   | Place    | Note
-------+----------+-------------------------------------------
     0 | D:1      | nht the Draconian Transmuter began the quest for the Orb.
     0 | D:1      | Reached XP level 1. HP: 16/16 MP: 3/3
   296 | D:2      | Reached XP level 2. HP: 11/23 MP: 5/5
   924 | D:1      | Reached XP level 3. HP: 25/28 MP: 4/6
  1261 | D:2      | Reached skill level 4 in Unarmed Combat
  1580 | D:2      | Reached XP level 4. HP: 32/35 MP: 7/7
  2594 | D:4      | Reached skill level 5 in Unarmed Combat
  2594 | D:4      | Reached XP level 5. HP: 28/40 MP: 8/8
  2601 | D:4      | Learned a level 5 spell: Blade Hands
  2679 | D:4      | Learned a level 3 spell: Spider Form
  2779 | D:4      | Found a staircase to the Ecumenical Temple.
  2875 | Temple   | Entered the Ecumenical Temple
  3123 | Temple   | Became a worshipper of Ru the Awakened
  3288 | D:5      | Entered Level 5 of the Dungeon
  3429 | D:5      | Noticed a phantom
  3617 | D:5      | Noticed Grinder
  3628 | D:5      | Paralysed by Grinder for 5 turns
  3638 | D:5      | Killed from afar by Grinder

Vault maps used:
D:1:      dpeg_arrival_brainrot
D:4:      temple_doors_cd, first_ration, hangedman_abyss_or_decor_lesser_grid
D:5:      corexii_shantytown, gammafunk_ghost_nasty_kobolds, enter_ossuary_1,
          kennysheep_generic_room_2, uniq_grinder
Temple:   nicolae_temple_the_god_donut

Skill      XL: |  1  2  3  4 |
---------------+-------------+-----
Unarmed Combat | 4 5 |  5.7
Transmutations | 3 |  3.8
Fighting       | |  1.1
Dodging        | |  1.7
Spellcasting   | |  2.0

Action                   |  1- 3 |  4- 6 || total
-------------------------+-------+-------++-------
Melee: Hand axe          |    97 |    74 ||   171
       Unarmed           |    14 |       ||    14
       Tailslap          |     9 |     5 ||    14
       Headbutt          |     5 |     1 ||     6
       Kick              |     4 |     3 ||     7
       Punch             |       |     1 ||     1
 Cast: Beastly Appendage |    31 |     9 ||    40
Evoke: Wand              |       |     1 ||     1
  Use: Scroll            |     6 |     5 ||    11
       Potion            |       |     3 ||     3
  Eat: Chunk             |     3 |     4 ||     7
       Ration            |       |     1 ||     1
Armor: Skin              |    44 |    54 ||    98
Dodge: Dodged            |    76 |    78 ||   154

Table legend:
 A = Non-vault XP
 B = Vault XP
 C = Vault XP percentage of total XP
 D = Non-vault monster count
 E = Vault monster count
 F = Vault count percentage of total count
                 A         B        C        D         E       F
            +---------+---------+-------+---------+---------+-------
      Total |     355 |       9 |   2.5 |      69 |       3 |   4.2
            +---------+---------+-------+---------+---------+-------
        D:1 |      30 |       5 |  14.3 |      16 |       1 |   5.9
        D:2 |      68 |       0 |   0.0 |      30 |       0 |   0.0
        D:3 |      24 |       0 |   0.0 |       8 |       0 |   0.0
        D:4 |      93 |       0 |   0.0 |       7 |       0 |   0.0
        D:5 |     140 |       4 |   2.8 |       8 |       2 |  20.0
            +---------+---------+-------+---------+---------+-------
